Blues vs Flames

Created - 11 avril 2021 at 20:23

Goals
1 2 3 T
Blues 1 0 0 1
Flames 0 2 2 4
Shots
1 2 3 T
Blues 13 12 6 31
Flames 14 12 6 32

1st period

1. Blues , Jack Eichel 2 (Dougie Hamilton 3) at 8:02 (PP)

Penalties :
Jared Spurgeon (CGY) for Hooking (Minor) at 6:28

2nd period

2. Flames , Anze Kopitar 3 (Jakub Vrana 1, Ethan Bear 1) at 1:27
3. Flames , Jakub Vrana 2 (Anze Kopitar 2, Pavel Buchnevich 2) at 14:04

Penalties :
P.K. Subban (STL) for Hooking (Minor) at 7:34

3rd period

4. Flames , Brady Tkachuk 2 (John Tavares 3, Blake Wheeler 6) at 5:51 (PP)
5. Flames , Ryan Getzlaf 2 (John Tavares 4, Blake Wheeler 7) at 16:51 (PP)

Penalties :
Brady Tkachuk (CGY) for Roughing (Minor) at 0:09, P.K. Subban (STL) for Hooking (Minor) at 5:23, Brady Tkachuk (CGY) for Hooking (Minor) at 8:25, Martin Necas (STL) for Tripping (Minor) at 16:18

Goalie Stats

Carter Hart (STL), 28 saves from 32 shots - (0,875), L, 3-2-1, 60:00 minutes
Jordan Binnington (CGY), 30 saves from 31 shots - (0,968), W, 3-3-0, 60:00 minutes

Players Stats for Blues

Player Name              G  A  P  +/- PIM S  H  SB GA TA FO     MP     PP MP  PK MP  
------------------------------------------------------------------------------------
Chase De Leo             0  0  0   0  0   0  1  0  0  0  0/0     6:15   0:00   0:00 
Christian Dvorak         0  0  0   0  0   3  0  0  0  0  12/20  13:26   0:00   1:16 
Connor Brown             0  0  0  -1  0   3  2  1  0  0  0/3    20:10   2:51   0:56 
Dougie Hamilton          0  1  1  -1  0   1  2  1  0  0  0/0    23:23   2:41   1:36 
Jack Eichel              1  0  1  -1  0   6  1  0  0  0  11/28  21:09   2:41   0:00 
Jakob Chychrun           0  0  0   0  0   1  0  2  0  0  0/0    16:28   2:41   0:51 
Johnny Gaudreau          0  0  0   0  0   3  0  0  0  0  0/0    14:41   2:51   0:00 
Jordan Staal             0  0  0   0  0   0  0  0  0  0  4/6     3:12   0:00   0:00 
Josh Bailey              0  0  0  -1  0   4  2  0  0  0  0/0    19:54   2:41   0:13 
MacKenzie Weegar         0  0  0   0  0   1  1  1  0  0  0/0    14:35   0:00   0:00 
Martin Necas             0  0  0   0  2   3  1  0  0  0  0/0    11:49   0:00   0:00 
Michael Chaput           0  0  0   0  0   0  1  0  0  0  0/0     6:28   0:00   0:13 
Mikko Rantanen           0  0  0  -1  0   1  0  0  0  0  2/2    20:33   2:41   0:00 
Miles Wood               0  0  0  -1  0   2  1  0  0  0  0/1    18:14   0:00   1:51 
P.K. Subban              0  0  0  -1  4   0  2  3  0  0  0/0    19:33   0:00   0:33 
Ryan Pulock              0  0  0  -1  0   0  1  1  0  0  0/0    21:27   2:51   0:45 
Sean Couturier           0  0  0  -1  0   3  1  1  0  0  14/20  21:08   2:51   1:31 
Seth Jones               0  0  0  -1  0   0  1  0  0  0  0/0    24:32   2:51   2:15 

Players Stats for Flames

Player Name              G  A  P  +/- PIM S  H  SB GA TA FO     MP     PP MP  PK MP  
------------------------------------------------------------------------------------
Alec Martinez            0  0  0   2  0   0  1  1  0  0  0/0    23:20   2:22   3:09 
Andrew Mangiapane        0  0  0   0  0   2  3  0  0  0  0/0    13:50   0:38   0:00 
Anze Kopitar             1  1  2   2  0   3  2  0  0  0  11/24  21:41   0:00   0:00 
Blake Wheeler            0  2  2   0  0   2  0  0  0  0  0/0    18:33   2:22   0:00 
Brady Tkachuk            1  0  1   0  4   4  4  0  0  0  1/1    18:31   2:22   0:00 
Brayden McNabb           0  0  0   0  0   0  1  3  0  0  0/0    18:09   0:38   0:38 
Charlie Coyle            0  0  0   0  0   2  0  0  0  0  0/2     9:58   0:38   2:32 
Esa Lindell              0  0  0   0  0   2  0  1  0  0  0/0    20:49   0:00   2:35 
Ethan Bear               0  1  1   2  0   0  2  3  0  0  0/0    13:15   0:38   0:23 
Ilya Mikheyev            0  0  0   0  0   0  0  2  0  0  1/1    16:22   0:38   2:32 
Jakub Vrana              1  1  2   2  0   3  0  0  0  0  0/3    15:17   0:00   0:00 
Jared Spurgeon           0  0  0   0  2   0  0  1  0  0  0/0    22:04   0:00   1:45 
John Tavares             0  2  2   0  0   3  0  0  0  0  17/30  21:33   2:22   3:00 
Marc Staal               0  0  0   0  0   3  3  0  0  0  0/0    20:00   0:00   2:34 
Ondrej Kase              0  0  0   0  0   2  0  0  0  0  0/0     6:48   0:00   0:00 
Pavel Buchnevich         0  1  1   2  0   3  2  0  0  0  0/0    15:17   0:00   0:00 
Ryan Getzlaf             1  0  1   0  0   3  2  0  0  0  7/18   15:34   2:22   0:00 
Sean Kuraly              0  0  0   0  0   0  0  0  0  0  0/1     3:24   0:00   3:00 

3 Stars

1 - Anze Kopitar (CGY)
2 - Jakub Vrana (CGY)
3 - Jordan Binnington (CGY)

Power Play

Blues - 1 on 3 Attempt(s) - 33,33%
Flames - 2 on 3 Attempt(s) - 66,67%

Penalty Kill

Blues - 1 on 3 Attempt(s) - 33,33% - Score 0 goal in Penalty Kill
Flames - 2 on 3 Attempt(s) - 66,67% - Score 0 goal in Penalty Kill

Team Stat

Blues - Hits : 17 - Faceoff Wins : 43 - Blocked Shots : 10 - Penalty Minutes : 6
Flames - Hits : 20 - Faceoff Wins : 37 - Blocked Shots : 11 - Penalty Minutes : 6

Official

Referees : TJ Luxmore and Justin St. Pierre
Linesman : Stephen Drain and Trent Knorr

Game Notes

Jordan Staal is injured at 3:38 of 2nd period (Strained Left Knee)
Ethan Bear is injured at 2:12 of 3rd period (Back Spasms)

Finance

Level 1 -- Attendance: 6500 (100,00%) -- Ticket Income 812 500 $
Level 2 -- Attendance: 5000 (100,00%) -- Ticket Income 290 000 $
Level 3 -- Attendance: 3500 (100,00%) -- Ticket Income 157 500 $
Level 4 -- Attendance: 3158 (96,02%) -- Ticket Income 78 950 $
Luxury Box -- Attendance: 1000 (100,00%) -- Ticket Income 160 000 $
Game was played at the Scotiabank Saddledome.
Total Attendance: 19158 (99,32%)
Total Ticket Income: 1 498 950 $
Other Income: 734 486 $
Total Income: 2 233 436 $

% Time on Ice - Blues

Lines # - Real PCT - Wanted PCT - Time Play
Normal Forward
1 - 33% - 39% - 17:00
2 - 32% - 34% - 16:23
3 - 23% - 22% - 11:50
4 - 12% - 5% - 6:15
Normal Defense
1 - 37% - 44% - 19:02
2 - 35% - 40% - 17:51
3 - 25% - 16% - 12:56
4 - 3% - 0% - 1:39
PP Forward
1 - 48% - 50% - 2:41
2 - 52% - 50% - 2:51
PP Defense
1 - 48% - 65% - 2:41
2 - 52% - 35% - 2:51
PK Forward
1 - 93% - 60% - 2:47
2 - 7% - 40% - 0:13
PK Defense
1 - 75% - 60% - 2:15
2 - 25% - 40% - 0:45
PK3 Forward
1 - 0% - 60%
2 - 0% - 40%
PK3 Defense
1 - 0% - 60%
2 - 0% - 40%
44 Forward
1 - 0% - 60%
2 - 0% - 40%
44 Defense
1 - 0% - 60%
2 - 0% - 40%
Last Minute Offensive  - 0:00
Last Minute Defensive  - 0:00
Total
Forward - 60:00
Defense - 60:00

% Time on Ice - Flames

Lines # - Real PCT - Wanted PCT - Time Play
Normal Forward
1 - 31% - 35% - 16:11
2 - 30% - 30% - 15:17
3 - 26% - 25% - 13:12
4 - 13% - 10% - 6:48
Normal Defense
1 - 34% - 36% - 17:45
2 - 35% - 33% - 17:58
3 - 31% - 31% - 15:45
4 - 0% - 0% - 0:00
PP Forward
1 - 86% - 50% - 2:35
2 - 14% - 50% - 0:25
PP Defense
1 - 14% - 55% - 0:25
2 - 86% - 45% - 2:35
PK Forward
1 - 46% - 50% - 2:32
2 - 54% - 50% - 3:00
PK Defense
1 - 53% - 50% - 2:57
2 - 47% - 50% - 2:35
PK3 Forward
1 - 0% - 50%
2 - 0% - 50%
PK3 Defense
1 - 0% - 50%
2 - 0% - 50%
44 Forward
1 - 0% - 50%
2 - 0% - 50%
44 Defense
1 - 0% - 50%
2 - 0% - 50%
Last Minute Offensive  - 0:00
Last Minute Defensive  - 0:00
Total
Forward - 60:00
Defense - 60:00

Play-by-Play

1st period


0:01 of 1st period - John Tavares wins face-off versus Jack Eichel in neutral zone.
1:11 of 1st period - Shot by Sean Couturier.
1:11 of 1st period - Shot Blocked by Ethan Bear.
1:13 of 1st period - Shot by Connor Brown.
1:13 of 1st period - Shot Misses the Net.
1:48 of 1st period - Icing by Ryan Pulock.
1:49 of 1st period - Sean Couturier wins face-off versus Ryan Getzlaf in Blues zone.
2:19 of 1st period - Shot by Marc Staal.
2:19 of 1st period - Stopped by Carter Hart without a rebound.
2:20 of 1st period - Jordan Staal wins face-off versus Anze Kopitar in Blues zone.
2:20 of 1st period - Seth Jones is hit by Anze Kopitar and loses puck.
2:28 of 1st period - Off-side.
2:29 of 1st period - Brady Tkachuk wins face-off versus Christian Dvorak in neutral zone.
2:34 of 1st period - Shot by John Tavares.
2:34 of 1st period - Stopped by Carter Hart with a rebound.
2:36 of 1st period - Shot by Blake Wheeler.
2:36 of 1st period - Shot Misses the Net.
2:38 of 1st period - Shot by John Tavares.
2:38 of 1st period - Stopped by Carter Hart without a rebound.
2:39 of 1st period - Jack Eichel wins face-off versus Anze Kopitar in Blues zone.
3:47 of 1st period - Shot by Christian Dvorak.
3:47 of 1st period - Stopped by Jordan Binnington with a rebound.
3:49 of 1st period - Shot by Jakob Chychrun.
3:49 of 1st period - Shot Blocked by Alec Martinez.
3:51 of 1st period - Shot by Jakob Chychrun.
3:51 of 1st period - Shot Misses the Net.
3:53 of 1st period - Shot by Jakob Chychrun.
3:53 of 1st period - Shot Blocked by Ilya Mikheyev.
3:55 of 1st period - Shot by Jakob Chychrun.
3:55 of 1st period - Stopped by Jordan Binnington without a rebound.
3:56 of 1st period - Jordan Staal wins face-off versus John Tavares in Flames zone.
5:48 of 1st period - Shot by Jack Eichel.
5:48 of 1st period - Shot Blocked by Brayden McNabb.
6:05 of 1st period - Shot by Pavel Buchnevich.
6:05 of 1st period - Shot Misses the Net.
6:09 of 1st period - Shot by Anze Kopitar.
6:09 of 1st period - Shot Blocked by MacKenzie Weegar.
6:13 of 1st period - Shot by Pavel Buchnevich.
6:13 of 1st period - Stopped by Carter Hart without a rebound.
6:14 of 1st period - Anze Kopitar wins face-off versus Christian Dvorak in Blues zone.
6:15 of 1st period - Shot by Ondrej Kase.
6:15 of 1st period - Stopped by Carter Hart with a rebound.
6:28 of 1st period - Minor Penalty to Jared Spurgeon for Hooking.
6:29 of 1st period - Sean Couturier wins face-off versus John Tavares in Flames zone.
6:29 of 1st period - Connor Brown is hit by Marc Staal and loses puck.
6:56 of 1st period - Icing by Ryan Pulock.
6:57 of 1st period - Sean Couturier wins face-off versus Charlie Coyle in Blues zone.
7:08 of 1st period - Alec Martinez is hit by Connor Brown and loses puck.
7:26 of 1st period - Esa Lindell is hit by Sean Couturier and loses puck.
7:51 of 1st period - Shot by Jack Eichel.
7:51 of 1st period - Stopped by Jordan Binnington with a rebound.
7:53 of 1st period - Shot by Josh Bailey.
7:53 of 1st period - Shot Misses the Net.
7:58 of 1st period - Shot by Josh Bailey.
7:58 of 1st period - Stopped by Jordan Binnington without a rebound.
7:59 of 1st period - Jack Eichel wins face-off versus Sean Kuraly in Flames zone.
8:02 of 1st period - Shot by Jack Eichel.
8:02 of 1st period - Goal by Jack Eichel - Blues : 1 - Flames : 0.
8:03 of 1st period - Anze Kopitar wins face-off versus Jordan Staal in neutral zone.
8:05 of 1st period - Jared Spurgeon is hit by MacKenzie Weegar and loses puck.
8:19 of 1st period - Shot by Jakub Vrana.
8:19 of 1st period - Shot Misses the Net.
8:21 of 1st period - Shot by Anze Kopitar.
8:21 of 1st period - Stopped by Carter Hart with a rebound.
9:16 of 1st period - Shot by Jack Eichel.
9:16 of 1st period - Shot Misses the Net.
9:30 of 1st period - Shot by Jack Eichel.
9:30 of 1st period - Shot Misses the Net.
9:36 of 1st period - Shot by Mikko Rantanen.
9:36 of 1st period - Stopped by Jordan Binnington without a rebound.
9:37 of 1st period - Ryan Getzlaf wins face-off versus Sean Couturier in Flames zone.
9:56 of 1st period - Shot by Connor Brown.
9:56 of 1st period - Shot Blocked by Brayden McNabb.
9:58 of 1st period - Shot by Sean Couturier.
9:58 of 1st period - Shot Misses the Net.
10:00 of 1st period - Shot by Sean Couturier.
10:00 of 1st period - Stopped by Jordan Binnington without a rebound.
10:01 of 1st period - Anze Kopitar wins face-off versus Christian Dvorak in Flames zone.
10:01 of 1st period - Jared Spurgeon is hit by Martin Necas and loses puck.
10:32 of 1st period - Shot by Anze Kopitar.
10:32 of 1st period - Deflect By Charlie Coyle.
10:32 of 1st period - Stopped by Carter Hart with a rebound.
11:22 of 1st period - Icing by Brayden McNabb.
11:23 of 1st period - John Tavares wins face-off versus Connor Brown in Flames zone.
11:43 of 1st period - Shot by Sean Couturier.
11:43 of 1st period - Stopped by Jordan Binnington without a rebound.
11:44 of 1st period - Christian Dvorak wins face-off versus Ryan Getzlaf in Flames zone.
11:46 of 1st period - Martin Necas is hit by Ethan Bear and loses puck.
11:53 of 1st period - Shot by Martin Necas.
11:53 of 1st period - Stopped by Jordan Binnington without a rebound.
11:54 of 1st period - Sean Couturier wins face-off versus Anze Kopitar in Flames zone.
12:15 of 1st period - Shot by Sean Couturier.
12:15 of 1st period - Shot Blocked by Ethan Bear.
12:35 of 1st period - Shot by Connor Brown.
12:35 of 1st period - Stopped by Jordan Binnington with a rebound.
13:42 of 1st period - Shot by Martin Necas.
13:42 of 1st period - Stopped by Jordan Binnington without a rebound.
13:43 of 1st period - Jordan Staal wins face-off versus Ryan Getzlaf in Flames zone.
13:56 of 1st period - Shot by Ryan Getzlaf.
13:56 of 1st period - Shot Misses the Net.
13:58 of 1st period - Shot by Marc Staal.
13:58 of 1st period - Stopped by Carter Hart without a rebound.
13:59 of 1st period - John Tavares wins face-off versus Christian Dvorak in Blues zone.
14:02 of 1st period - Shot by Jared Spurgeon.
14:02 of 1st period - Shot Hit the Post.
14:04 of 1st period - Shot by Jared Spurgeon.
14:04 of 1st period - Shot Blocked by Jakob Chychrun.
14:06 of 1st period - Shot by Blake Wheeler.
14:06 of 1st period - Shot Misses the Net.
14:08 of 1st period - Shot by Brady Tkachuk.
14:08 of 1st period - Shot Blocked by Jakob Chychrun.
14:10 of 1st period - Shot by Blake Wheeler.
14:10 of 1st period - Stopped by Carter Hart without a rebound.
14:11 of 1st period - Ryan Getzlaf wins face-off versus Miles Wood in Blues zone.
14:12 of 1st period - Shot by Andrew Mangiapane.
14:12 of 1st period - Stopped by Carter Hart with a rebound.
15:16 of 1st period - Josh Bailey is hit by Andrew Mangiapane and loses puck.
16:13 of 1st period - Shot by John Tavares.
16:13 of 1st period - Shot Misses the Net.
16:33 of 1st period - Shot by Johnny Gaudreau.
16:33 of 1st period - Shot Misses the Net.
17:01 of 1st period - Shot by Ondrej Kase.
17:01 of 1st period - Stopped by Carter Hart without a rebound.
17:02 of 1st period - Anze Kopitar wins face-off versus Connor Brown in Blues zone.
17:19 of 1st period - Shot by Jakub Vrana.
17:19 of 1st period - Stopped by Carter Hart with a rebound.
17:39 of 1st period - Shot by Sean Couturier.
17:39 of 1st period - Stopped by Jordan Binnington with a rebound.
18:15 of 1st period - Shot by Jack Eichel.
18:15 of 1st period - Stopped by Jordan Binnington without a rebound.
18:16 of 1st period - John Tavares wins face-off versus Jordan Staal in Flames zone.
19:15 of 1st period - Icing by Jared Spurgeon.
19:16 of 1st period - Ryan Getzlaf wins face-off versus Jack Eichel in Flames zone.
19:20 of 1st period - Esa Lindell is hit by Josh Bailey.
19:32 of 1st period - Shot by Ryan Getzlaf.
19:32 of 1st period - Deflect By Andrew Mangiapane.
19:32 of 1st period - Stopped by Carter Hart without a rebound.
19:33 of 1st period - Anze Kopitar wins face-off versus Christian Dvorak in Blues zone.
19:44 of 1st period - Shot by Pavel Buchnevich.
19:44 of 1st period - Stopped by Carter Hart without a rebound.
19:45 of 1st period - Jack Eichel wins face-off versus John Tavares in Blues zone.
19:45 of 1st period - Jack Eichel is hit by Brady Tkachuk.
19:52 of 1st period - Off-side.
19:53 of 1st period - John Tavares wins face-off versus Jack Eichel in neutral zone.
Goals for this period are 1 for Blues vs 0 for Flames.
Shots for this period are 13 for Blues vs 14 for Flames.

2nd period


0:01 of 2nd period - John Tavares wins face-off versus Jack Eichel in neutral zone.
1:27 of 2nd period - Shot by Anze Kopitar.
1:27 of 2nd period - The goal is going for a video replay.
1:27 of 2nd period - The goal is good.
1:27 of 2nd period - Goal by Anze Kopitar - Blues : 1 - Flames : 1.
1:28 of 2nd period - Christian Dvorak wins face-off versus Ryan Getzlaf in neutral zone.
1:54 of 2nd period - Shot by Johnny Gaudreau.
1:54 of 2nd period - Deflect By Christian Dvorak.
1:54 of 2nd period - Shot Misses the Net.
2:18 of 2nd period - Shot by Charlie Coyle.
2:18 of 2nd period - Shot Misses the Net.
2:58 of 2nd period - Anze Kopitar is hit by P.K. Subban and loses puck.
3:23 of 2nd period - Dougie Hamilton is hit by Brady Tkachuk and loses puck.
3:36 of 2nd period - Shot by Blake Wheeler.
3:36 of 2nd period - Deflect By Brady Tkachuk.
3:36 of 2nd period - Stopped by Carter Hart without a rebound.
3:37 of 2nd period - Jordan Staal wins face-off versus Ryan Getzlaf in Blues zone.
3:37 of 2nd period - Jordan Staal is hit by Andrew Mangiapane.
3:38 of 2nd period - Jordan Staal from Blues is injured at 3:38 of 2nd period (Strained Left Knee).
3:39 of 2nd period - Ilya Mikheyev wins face-off versus Sean Couturier in Blues zone.
3:39 of 2nd period - Ilya Mikheyev is hit by Dougie Hamilton.
4:08 of 2nd period - Ryan Getzlaf is hit by Dougie Hamilton and loses puck.
4:11 of 2nd period - Shot by Marc Staal.
4:11 of 2nd period - Shot Misses the Net.
4:13 of 2nd period - Shot by Ilya Mikheyev.
4:13 of 2nd period - Shot Blocked by Ryan Pulock.
4:29 of 2nd period - Shot by Pavel Buchnevich.
4:29 of 2nd period - Shot Blocked by Sean Couturier.
4:43 of 2nd period - Shot by Anze Kopitar.
4:43 of 2nd period - Stopped by Carter Hart without a rebound.
4:44 of 2nd period - John Tavares wins face-off versus Jack Eichel in Blues zone.
5:02 of 2nd period - Shot by Josh Bailey.
5:02 of 2nd period - Stopped by Jordan Binnington without a rebound.
5:03 of 2nd period - Anze Kopitar wins face-off versus Christian Dvorak in Flames zone.
5:09 of 2nd period - Icing by Anze Kopitar.
5:10 of 2nd period - Anze Kopitar wins face-off versus Jack Eichel in Flames zone.
5:41 of 2nd period - Shot by Pavel Buchnevich.
5:41 of 2nd period - Shot Misses the Net.
5:49 of 2nd period - Shot by Jack Eichel.
5:49 of 2nd period - Stopped by Jordan Binnington with a rebound.
5:51 of 2nd period - Shot by Josh Bailey.
5:51 of 2nd period - Stopped by Jordan Binnington with a rebound.
5:53 of 2nd period - Shot by Seth Jones.
5:53 of 2nd period - Shot Blocked by Esa Lindell.
6:58 of 2nd period - Shot by Miles Wood.
6:58 of 2nd period - Stopped by Jordan Binnington with a rebound.
7:18 of 2nd period - Shot by Sean Couturier.
7:18 of 2nd period - Shot Misses the Net.
7:20 of 2nd period - Shot by Connor Brown.
7:20 of 2nd period - Shot Blocked by Jared Spurgeon.
7:22 of 2nd period - Shot by Ryan Pulock.
7:22 of 2nd period - Shot Misses the Net.
7:24 of 2nd period - Shot by Connor Brown.
7:24 of 2nd period - Stopped by Jordan Binnington without a rebound.
7:25 of 2nd period - John Tavares wins face-off versus Jack Eichel in Flames zone.
7:25 of 2nd period - John Tavares is hit by Chase De Leo.
7:34 of 2nd period - Minor Penalty to P.K. Subban for Hooking.
7:35 of 2nd period - John Tavares wins face-off versus Sean Couturier in Blues zone.
7:40 of 2nd period - Shot by Brady Tkachuk.
7:40 of 2nd period - Shot Blocked by Dougie Hamilton.
8:35 of 2nd period - Off-side.
8:36 of 2nd period - Sean Couturier wins face-off versus John Tavares in neutral zone.
9:24 of 2nd period - Shot by Michael Chaput.
9:24 of 2nd period - Shot Misses the Net.
9:27 of 2nd period - Icing by Brayden McNabb.
9:28 of 2nd period - Christian Dvorak wins face-off versus Charlie Coyle in Flames zone.
9:43 of 2nd period - Shot by Anze Kopitar.
9:43 of 2nd period - Shot Misses the Net.
9:45 of 2nd period - Shot by Marc Staal.
9:45 of 2nd period - Stopped by Carter Hart with a rebound.
9:47 of 2nd period - Shot by Marc Staal.
9:47 of 2nd period - Shot Misses the Net.
9:49 of 2nd period - Shot by Anze Kopitar.
9:49 of 2nd period - Shot Misses the Net.
9:55 of 2nd period - Shot by Charlie Coyle.
9:55 of 2nd period - Stopped by Carter Hart with a rebound.
11:41 of 2nd period - Shot by Dougie Hamilton.
11:41 of 2nd period - Stopped by Jordan Binnington without a rebound.
11:42 of 2nd period - Sean Couturier wins face-off versus Jakub Vrana in Flames zone.
12:10 of 2nd period - Icing by Brayden McNabb.
12:11 of 2nd period - Anze Kopitar wins face-off versus Jack Eichel in Flames zone.
12:11 of 2nd period - Anze Kopitar is hit by Jack Eichel.
12:23 of 2nd period - Shot by Jakub Vrana.
12:23 of 2nd period - Stopped by Carter Hart without a rebound.
12:24 of 2nd period - Christian Dvorak wins face-off versus John Tavares in Blues zone.
12:31 of 2nd period - Shot by Christian Dvorak.
12:31 of 2nd period - Stopped by Jordan Binnington with a rebound.
12:38 of 2nd period - Icing by Jared Spurgeon.
12:39 of 2nd period - John Tavares wins face-off versus Jack Eichel in Flames zone.
12:48 of 2nd period - Shot by Jack Eichel.
12:48 of 2nd period - Stopped by Jordan Binnington without a rebound.
12:49 of 2nd period - Ryan Getzlaf wins face-off versus Sean Couturier in Flames zone.
12:49 of 2nd period - Ryan Getzlaf is hit by Connor Brown.
13:05 of 2nd period - Shot by Ryan Getzlaf.
13:05 of 2nd period - Stopped by Carter Hart without a rebound.
13:06 of 2nd period - Mikko Rantanen wins face-off versus John Tavares in Blues zone.
13:21 of 2nd period - Shot by Josh Bailey.
13:21 of 2nd period - Shot Blocked by Brayden McNabb.
14:00 of 2nd period - Shot by Anze Kopitar.
14:00 of 2nd period - Shot Blocked by P.K. Subban.
14:02 of 2nd period - Shot by Anze Kopitar.
14:02 of 2nd period - Shot Blocked by P.K. Subban.
14:04 of 2nd period - Shot by Jakub Vrana.
14:04 of 2nd period - Goal by Jakub Vrana - Blues : 1 - Flames : 2.
14:05 of 2nd period - Sean Couturier wins face-off versus Ryan Getzlaf in neutral zone.
14:15 of 2nd period - Shot by Ryan Getzlaf.
14:15 of 2nd period - Shot Misses the Net.
14:21 of 2nd period - Shot by Ilya Mikheyev.
14:21 of 2nd period - Deflect By Ryan Getzlaf.
14:21 of 2nd period - Stopped by Carter Hart without a rebound.
14:22 of 2nd period - Christian Dvorak wins face-off versus Jakub Vrana in Blues zone.
14:22 of 2nd period - Johnny Gaudreau is hit by Pavel Buchnevich and loses puck.
15:02 of 2nd period - Johnny Gaudreau is hit by Ethan Bear and loses puck.
15:34 of 2nd period - Icing by Miles Wood.
15:35 of 2nd period - Sean Couturier wins face-off versus Ryan Getzlaf in Blues zone.
15:51 of 2nd period - Icing by Esa Lindell.
15:52 of 2nd period - Ryan Getzlaf wins face-off versus Jack Eichel in Flames zone.
15:52 of 2nd period - Ryan Getzlaf is hit by Josh Bailey.
16:03 of 2nd period - Icing by Josh Bailey.
16:04 of 2nd period - John Tavares wins face-off versus Jack Eichel in Blues zone.
16:04 of 2nd period - Brady Tkachuk is hit by Seth Jones and loses puck.
16:11 of 2nd period - Shot by Blake Wheeler.
16:11 of 2nd period - Stopped by Carter Hart without a rebound.
16:12 of 2nd period - John Tavares wins face-off versus Sean Couturier in Blues zone.
16:21 of 2nd period - Shot by John Tavares.
16:21 of 2nd period - Stopped by Carter Hart without a rebound.
16:22 of 2nd period - Jack Eichel wins face-off versus Ryan Getzlaf in Blues zone.
16:22 of 2nd period - Jack Eichel is hit by Ryan Getzlaf.
16:33 of 2nd period - Shot by Jack Eichel.
16:33 of 2nd period - Shot Misses the Net.
16:49 of 2nd period - Shot by Jack Eichel.
16:49 of 2nd period - Shot Misses the Net.
17:41 of 2nd period - Shot by Connor Brown.
17:41 of 2nd period - Shot Misses the Net.
17:43 of 2nd period - Shot by Dougie Hamilton.
17:43 of 2nd period - Shot Misses the Net.
17:51 of 2nd period - Shot by Sean Couturier.
17:51 of 2nd period - Deflect By Miles Wood.
17:51 of 2nd period - Stopped by Jordan Binnington without a rebound.
17:52 of 2nd period - Christian Dvorak wins face-off versus Anze Kopitar in Flames zone.
17:55 of 2nd period - Shot by Martin Necas.
17:55 of 2nd period - Deflect By Johnny Gaudreau.
17:55 of 2nd period - Stopped by Jordan Binnington without a rebound.
17:56 of 2nd period - Christian Dvorak wins face-off versus Anze Kopitar in Flames zone.
18:19 of 2nd period - Shot by Johnny Gaudreau.
18:19 of 2nd period - Stopped by Jordan Binnington without a rebound.
18:20 of 2nd period - Sean Couturier wins face-off versus John Tavares in Flames zone.
18:23 of 2nd period - Shot by Connor Brown.
18:23 of 2nd period - Stopped by Jordan Binnington with a rebound.
18:41 of 2nd period - Dougie Hamilton is hit by Brady Tkachuk and loses puck.
19:06 of 2nd period - Ryan Pulock is hit by Alec Martinez and loses puck.
19:16 of 2nd period - Off-side.
19:17 of 2nd period - Jack Eichel wins face-off versus Anze Kopitar in neutral zone.
19:44 of 2nd period - Shot by Pavel Buchnevich.
19:44 of 2nd period - Stopped by Carter Hart without a rebound.
19:45 of 2nd period - Ryan Getzlaf wins face-off versus Christian Dvorak in Blues zone.
Goals for this period are 0 for Blues vs 2 for Flames.
Shots for this period are 12 for Blues vs 12 for Flames.

3rd period


0:01 of 3rd period - John Tavares wins face-off versus Jack Eichel in neutral zone.
0:07 of 3rd period - Icing by Seth Jones.
0:08 of 3rd period - Jack Eichel wins face-off versus John Tavares in Blues zone.
0:08 of 3rd period - Jack Eichel is hit by Brady Tkachuk.
0:09 of 3rd period - Minor Penalty to Brady Tkachuk for Roughing.
0:10 of 3rd period - Jack Eichel wins face-off versus John Tavares in Flames zone.
2:12 of 3rd period - Shot by Christian Dvorak.
2:12 of 3rd period - Shot Blocked by Ethan Bear.
2:12 of 3rd period - Ethan Bear from Flames is injured at 2:12 of 3rd period (Back Spasms).
2:13 of 3rd period - Christian Dvorak wins face-off versus Anze Kopitar in Flames zone.
2:22 of 3rd period - Shot by Christian Dvorak.
2:22 of 3rd period - Shot Misses the Net.
2:28 of 3rd period - Shot by Christian Dvorak.
2:28 of 3rd period - Stopped by Jordan Binnington without a rebound.
2:29 of 3rd period - Sean Couturier wins face-off versus John Tavares in Flames zone.
3:27 of 3rd period - Shot by Christian Dvorak.
3:27 of 3rd period - Shot Misses the Net.
3:29 of 3rd period - Shot by Christian Dvorak.
3:29 of 3rd period - Shot Misses the Net.
3:31 of 3rd period - Shot by P.K. Subban.
3:31 of 3rd period - Deflect By Martin Necas.
3:31 of 3rd period - Stopped by Jordan Binnington without a rebound.
3:32 of 3rd period - Jack Eichel wins face-off versus Jakub Vrana in Flames zone.
3:47 of 3rd period - Icing by Josh Bailey.
3:48 of 3rd period - Ryan Getzlaf wins face-off versus Jack Eichel in Blues zone.
4:15 of 3rd period - Shot by Jack Eichel.
4:15 of 3rd period - Shot Blocked by Ilya Mikheyev.
4:17 of 3rd period - Shot by Josh Bailey.
4:17 of 3rd period - Stopped by Jordan Binnington without a rebound.
4:18 of 3rd period - Anze Kopitar wins face-off versus Connor Brown in Flames zone.
4:59 of 3rd period - Shot by Sean Couturier.
4:59 of 3rd period - Shot Hit the Post.
5:23 of 3rd period - Minor Penalty to P.K. Subban for Hooking.
5:24 of 3rd period - John Tavares wins face-off versus Christian Dvorak in Blues zone.
5:51 of 3rd period - Shot by Brady Tkachuk.
5:51 of 3rd period - Goal by Brady Tkachuk - Blues : 1 - Flames : 3.
5:52 of 3rd period - Jack Eichel wins face-off versus Anze Kopitar in neutral zone.
5:52 of 3rd period - Jack Eichel is hit by Anze Kopitar.
6:09 of 3rd period - Mikko Rantanen is hit by Marc Staal and loses puck.
6:26 of 3rd period - Shot by Josh Bailey.
6:26 of 3rd period - Shot Misses the Net.
6:28 of 3rd period - Shot by Jakob Chychrun.
6:28 of 3rd period - Shot Misses the Net.
6:41 of 3rd period - Icing by Marc Staal.
6:42 of 3rd period - Sean Couturier wins face-off versus Anze Kopitar in Flames zone.
7:18 of 3rd period - Shot by Brady Tkachuk.
7:18 of 3rd period - Stopped by Carter Hart without a rebound.
7:19 of 3rd period - Christian Dvorak wins face-off versus Ryan Getzlaf in Blues zone.
7:19 of 3rd period - Christian Dvorak is hit by Andrew Mangiapane.
7:53 of 3rd period - Martin Necas is hit by Ryan Getzlaf and loses puck.
8:25 of 3rd period - Minor Penalty to Brady Tkachuk for Hooking.
8:26 of 3rd period - John Tavares wins face-off versus Jack Eichel in Flames zone.
8:32 of 3rd period - Icing by Josh Bailey.
8:33 of 3rd period - John Tavares wins face-off versus Jack Eichel in Blues zone.
9:40 of 3rd period - Shot by Johnny Gaudreau.
9:40 of 3rd period - Stopped by Jordan Binnington without a rebound.
9:41 of 3rd period - John Tavares wins face-off versus Sean Couturier in Flames zone.
9:51 of 3rd period - Icing by Ryan Pulock.
9:52 of 3rd period - Sean Couturier wins face-off versus John Tavares in Blues zone.
10:46 of 3rd period - Shot by Jack Eichel.
10:46 of 3rd period - Shot Misses the Net.
10:51 of 3rd period - Jack Eichel is hit by Brayden McNabb and loses puck.
10:54 of 3rd period - Shot by MacKenzie Weegar.
10:54 of 3rd period - Stopped by Jordan Binnington without a rebound.
10:55 of 3rd period - Jack Eichel wins face-off versus Ryan Getzlaf in Flames zone.
11:10 of 3rd period - Shot by Jack Eichel.
11:10 of 3rd period - Shot Misses the Net.
11:41 of 3rd period - Off-side.
11:42 of 3rd period - Sean Couturier wins face-off versus John Tavares in neutral zone.
11:44 of 3rd period - Dougie Hamilton is hit by Marc Staal and loses puck.
11:54 of 3rd period - Blake Wheeler is hit by Miles Wood and loses puck.
14:00 of 3rd period - Shot by Jack Eichel.
14:00 of 3rd period - Stopped by Jordan Binnington without a rebound.
14:01 of 3rd period - Anze Kopitar wins face-off versus Jack Eichel in Flames zone.
14:01 of 3rd period - Anze Kopitar is hit by Michael Chaput.
14:14 of 3rd period - Icing by Ondrej Kase.
14:15 of 3rd period - Mikko Rantanen wins face-off versus Anze Kopitar in Flames zone.
15:19 of 3rd period - Blake Wheeler is hit by P.K. Subban.
15:21 of 3rd period - Shot by Esa Lindell.
15:21 of 3rd period - Stopped by Carter Hart with a rebound.
15:25 of 3rd period - Shot by Brady Tkachuk.
15:25 of 3rd period - Shot Blocked by Connor Brown.
15:33 of 3rd period - Shot by Blake Wheeler.
15:33 of 3rd period - Shot Blocked by P.K. Subban.
15:35 of 3rd period - Shot by Esa Lindell.
15:35 of 3rd period - Stopped by Carter Hart with a rebound.
15:37 of 3rd period - Shot by Brady Tkachuk.
15:37 of 3rd period - Stopped by Carter Hart without a rebound.
15:38 of 3rd period - Christian Dvorak wins face-off versus Ryan Getzlaf in Blues zone.
15:57 of 3rd period - Icing by Johnny Gaudreau.
15:58 of 3rd period - Christian Dvorak wins face-off versus Anze Kopitar in Blues zone.
16:18 of 3rd period - Minor Penalty to Martin Necas for Tripping.
16:19 of 3rd period - Sean Couturier wins face-off versus John Tavares in Blues zone.
16:49 of 3rd period - Shot by John Tavares.
16:49 of 3rd period - Shot Misses the Net.
16:51 of 3rd period - Shot by Ryan Getzlaf.
16:51 of 3rd period - Goal by Ryan Getzlaf - Blues : 1 - Flames : 4.
16:52 of 3rd period - Jack Eichel wins face-off versus Anze Kopitar in neutral zone.
16:52 of 3rd period - Dougie Hamilton is hit by Pavel Buchnevich and loses puck.
17:17 of 3rd period - Pavel Buchnevich is hit by Ryan Pulock and loses puck.
19:26 of 3rd period - Icing by Johnny Gaudreau.
19:27 of 3rd period - Christian Dvorak wins face-off versus Anze Kopitar in Blues zone.
19:38 of 3rd period - Icing by Alec Martinez.
19:39 of 3rd period - Anze Kopitar wins face-off versus Jack Eichel in Flames zone.
Goals for this period are 0 for Blues vs 2 for Flames.
Shots for this period are 6 for Blues vs 6 for Flames.